 Dungeon Crawl Stone Soup version 0.30-a0-371-gad7725a93e (webtiles) character file.

Game seed: 2904543022098809292

74 bande the Covered (level 4, -14/29 HPs)
             Began as a Gargoyle Fighter on Nov 21, 2022.
             Killed by divine providence
             ... invoked by an orc priest
              (16 damage)
             ... on level 3 of the Dungeon.
             The game lasted 00:03:22 (1570 turns).

bande the Covered (Gargoyle Fighter)                Turns: 1570, Time: 00:03:25

Health: -14/29     AC: 13    Str: 20    XL:     4   Next: 30%
Magic:  4/4        EV:  7    Int:  8    God:
Gold:   111        SH:  4    Dex: 11    Spells: 3/3 levels left

rFire   . . .      SeeInvis .    a - +0 war axe
rCold   . . .      Faith    .    c - +0 buckler
rNeg    + . .      Spirit   .    l - +0 chain mail
rPois   ∞          Reflect  .    (no helmet)
rElec   +          Harm     .    (no cloak)
rCorr   .          Rampage  .    (no gloves)
Will    +....                    (no boots)
Stlth   ..........               (no amulet)
HPRegen 0.24/turn                j - ring of willpower
MPRegen 0.09/turn                (no ring)

@: flying
A: sickness immunity, AC +3, negative energy resistance 1, electricity
resistance, torment resistance 1, petrification resistance
a: no special abilities


You were on level 3 of the Dungeon.
You visited 1 branch of the dungeon, and saw 3 of its levels.

You collected 111 gold pieces.

Inventory:

Hand Weapons
 a - a +0 war axe (weapon)
Missiles
 f - a throwing net (quivered)
Armour
 c - a +0 buckler (worn)
 l - a +0 chain mail (worn)
Jewellery
 j - a ring of willpower (left hand)
Scrolls
 i - a scroll of fear
Potions
 b - a potion of brilliance {unknown}
 d - a potion of might
 e - a potion of cancellation
 g - a potion of haste {unknown}
 h - a potion of berserk rage {unknown}
 k - a potion of degeneration {unknown}
 m - a potion of flight


   Skills:
 + Level 3.6 Fighting
 + Level 2.9 Axes
 + Level 3.8 Armour
 - Level 0.1 Dodging
 - Level 0.1 Stealth
 + Level 3.8 Shields


You had 3 spell levels left.
You didn't know any spells.
Your spell library contained the following spells:

 Spells                   Type           Power      Damage    Failure   Level
 Beastly Appendage        Tmut           0%         N/A       99%         1
 Wereblood                Tmut           0%         N/A       100%        2
 Frozen Ramparts          Ice            0%         1d1       100%        3
 Gell's Gravitas          Tloc           0%         N/A       100%        3
 Spider Form              Tmut/Pois      0%         N/A       100%        3
 Summon Guardian Golem    Hex/Summ       0%         N/A       100%        3
 Teleport Other           Tloc           0%         N/A       100%        3
 Ice Form                 Ice/Tmut       0%         N/A       100%        4
 Summon Ice Beast         Ice/Summ       0%         N/A       100%        4
 Dispersal                Tloc           0%         N/A       100%        6
 Orb of Destruction       Conj           0%         9d5       100%        7
 Spellforged Servitor     Conj/Summ      0%         N/A       100%        7


Dungeon Overview and Level Annotations

Branches:
Dungeon (3/15)

Altars:

Shops:
D:1 :   D:3 *


Innate Abilities, Weirdness & Mutations

You are immune to sickness and miasma.
Your stone body is resilient. (AC +3)
You are immune to poison.
You resist negative energy. (rN+)
You are resistant to electric shocks. (rElec)
You are resistant to unholy torment.
You are immune to petrification.


Message History

An orc priest comes into view. It is wielding a +0 mace.
The orc priest shouts!
You hear a shout!
An orc comes into view. It is wielding a +0 club.
There are monsters nearby!
An orc priest comes into view. It is wielding a +0 club.
The orc priest shouts!
The orc priest looks satisfied for a moment.
An orc comes into view. It is wielding a +0 club.
The orc shouts!
A ball python comes into view.
The ball python hisses angrily.
The orc hits you but does no damage.
The orc priest calls down the wrath of Beogh upon you.
Beogh smites you!
You hit the orc.
The orc is lightly wounded.
The orc hits you but does no damage.
You slash the orc!
You kill the orc!
A worm comes into view.
You barely miss the orc priest. The orc priest hits you with a +0 mace.
The orc priest mumbles some strange prayers to Beogh against you.
You resist with some effort.
You barely miss the orc priest.
The orc priest hits you but does no damage.
You slash the orc priest!
The orc priest is severely wounded.
The orc priest looks satisfied for a moment.
The orc priest calls down the wrath of Beogh upon you.
Beogh smites you!
* * * LOW HITPOINT WARNING * * *
The orc priest hits you with a +0 mace.
* * * LOW HITPOINT WARNING * * *
It was a potion of flight.
You feel very buoyant.
You fly up into the air.
The orc priest calls down the wrath of Beogh upon you.
Beogh smites you!
Ouch! That really hurt!
You die...

... #.# #w# #S#
#.......#o#
####+##.......#o#
..............#o#
...[......... #@#
...........# #.#
..........<# #.#
...........####.## .
#.............# ..
####....####..#.#. ..##
##+#........... ....
#..###.......
...########....†....##.


You could see a worm, 2 orc priests, an orc and a ball python.

Vanquished Creatures
  An adder (D:2)
  A worm (D:2)
  2 dart slugs
  An orc (D:3)
  5 endoplasms
  3 giant cockroaches
  8 goblins
  6 hobgoblins
  3 quokkas
  6 ball pythons
  2 bats (D:1)
  3 frilled lizards
  7 kobolds
  7 rats
55 creatures vanquished.

Notes
Turn   | Place    | Note
-------+----------+-------------------------------------------
     0 | D:1      | bande the Gargoyle Fighter began the quest for the Orb.
     0 | D:1      | Reached XP level 1. HP: 14/14 MP: 1/1
    31 | D:1      | Found Ubre Guorgh's Book Shoppe.
    87 | D:1      | Reached XP level 2. HP: 13/19 MP: 2/2
   305 | D:1      | Reached XP level 3. HP: 23/23 MP: 3/3
   749 | D:2      | Identified the +2 ring mail of the Smoking Gods {Rampage
                  | rPois rCorr Int+2}
  1061 | D:2      | Reached XP level 4. HP: 17/28 MP: 4/4
  1487 | D:3      | Found Axoxty's Assorted Antiques.
  1570 | D:3      | Killed from afar by an orc priest

Illustrated notes

Levels and vault maps discovered:
D:1:      wander_arrival_estate, layout_basic, serial_shops, shop,
          minmay_misc_feat_pillars
D:2:      layout_loops_ring, minmay_pentomino_v4
D:3:      layout_basic, nicolae_vehumet_altar_sigil, serial_shops, shop_statue,
          ebering_ghost_sewer_f, minmay_tree_intersection

Skill      XL: |  1  2 |
---------------+-------+-----
Axes           | 2 |  2.9
Fighting       | |  3.6
Armour         | |  3.8
Dodging        | |  0.1
Stealth        | |  0.1
Shields        | |  3.8

Action                   |  1- 3 |  4- 6 || total
-------------------------+-------+-------++-------
Melee: War axe           |    90 |    38 ||   128
  Use: Scroll            |     6 |     2 ||     8
       Potion            |       |     1 ||     1
Armor: Scale mail        |    66 |     1 ||    67
       Chain mail        |       |    16 ||    16
Dodge: Dodged            |    48 |    13 ||    61
Block: Buckler           |    33 |    10 ||    43

Table legend: (Time is in decaauts)
 A = Elapsed time spent in this place.
 B = Non-inter-level travel time spent in this place.
 C = Inter-level travel time spent in this place.
 D = Time resting spent in this place.
 E = Time spent auto-exploring this place.
 F = Levels seen in this place.
 G = Mean time per level.
                   A        B        C        D        E       F      G
               +--------+--------+--------+--------+--------+-----+--------+
         Total |   1623 |   1565 |     58 |     80 |   1122 |   3 |  541.0 |
       Dungeon |   1623 |   1565 |     58 |     80 |   1122 |   3 |  541.0 |
               +--------+--------+--------+--------+--------+-----+--------+

Top non-repeatable levels by time:
     D:1: 764 daAuts
     D:2: 722 daAuts
     D:3: 136 daAuts
